 Dungeon Crawl Stone Soup version 0.21.0-3-g78d12a8 (webtiles) character file.

48881 mortelune the Thaumaturge (level 14, -4/84 HPs)
             Began as a Deep Elf Fire Elementalist on Jan 17, 2018.
             Was an Elder of Vehumet.
             Slain by a seven-headed hydra (15 damage)
             ... on level 6 of the Lair of Beasts.
             The game lasted 01:30:28 (31926 turns).

mortelune the Thaumaturge (DEFE)                   Turns: 31926, Time: 01:30:29

Health: -4/84      AC:  7    Str:  5    XL:     14   Next: 13%
Magic:  40/49      EV: 17    Int: 26    God:    Vehumet [****..]
Gold:   996        SH: 10    Dex: 15    Spells: 14/41 levels left

rFire    . . .     SeeInvis .   J - staff of power
rCold    + + .     Gourm    +   b - +2 shield
rNeg     + . .     Faith    .   B - +1 robe {rC+}
rPois    .         Spirit   .   h - +1 helmet
rElec    .         Reflect  .   (no cloak)
rCorr    .         Harm     .   V - +1 pair of gloves
MR       +....                  (no boots)
Stlth    ++........             C - amulet of the gourmand
HPRegen  0.24/turn              e - ring of positive energy
MPRegen  0.31/turn              A - ring of protection from cold

@: no status effects
A: no striking features
a: Renounce Religion


You were on level 6 of the Lair of Beasts.
You worshipped Vehumet.
Vehumet was greatly pleased with you.
You were not hungry.

You visited 3 branches of the dungeon, and saw 18 of its levels.

You collected 996 gold pieces.

Inventory:

Hand Weapons
 T - a +2 scimitar of flaming
Armour
 b - a +2 shield (worn)
 h - a +1 helmet (worn)
 o - a +0 buckler
 B - a +1 robe of cold resistance (worn)
 V - a +1 pair of gloves (worn)
 Z - a +2 robe of magic resistance
Magical Staves
 J - an uncursed staff of power (weapon)
 K - an uncursed staff of summoning
 R - an uncursed staff of cold
Jewellery
 e - a ring of positive energy (left hand)
 A - a ring of protection from cold (right hand)
 C - an amulet of the gourmand (around neck)
Wands
 j - a wand of clouds (6)
 t - a wand of scattershot (6)
 u - a wand of digging (19)
 y - a wand of iceblast (12)
 N - a wand of polymorph (13)
 P - a wand of acid (12)
Scrolls
 f - 9 scrolls of remove curse
 m - 5 scrolls of amnesia
 n - a scroll of blinking {unknown}
 q - 3 scrolls of enchant weapon
 r - 4 scrolls of enchant armour
 s - 2 scrolls of magic mapping
 v - 4 scrolls of teleportation
 w - 2 scrolls of immolation
 z - a scroll of vulnerability {unknown}
 G - 2 scrolls of noise {unknown}
 L - 4 scrolls of fog
 Q - a scroll of fear {unknown}
 W - a scroll of brand weapon {unknown}
Potions
 a - 2 potions of resistance
 d - a potion of brilliance
 g - 5 potions of haste
 i - 6 potions of curing
 k - a potion of mutation
 l - 3 potions of agility {unknown}
 p - 5 potions of invisibility
 x - 2 potions of might
 E - 2 potions of lignification
 F - a potion of cancellation
 H - 4 potions of flight
 I - 3 potions of magic
 M - 2 potions of ambrosia
 U - 3 potions of heal wounds
Books
 O - a book of Minor Magic

   Spells                             Type                      Level
   a - Magic Dart                     Conjuration                  1
   b - Blink                          Translocation                2
   c - Call Imp                       Summoning                    2
   d - Slow                           Hexes                        2
   e - Conjure Flame                  Conjuration/Fire             3
   f - Mephitic Cloud                 Conjuration/Poison/Air       3
 X - a book of Cantrips

   Spells                             Type                      Level
   a - Confusing Touch                Hexes                        1
   b - Animate Skeleton               Necromancy                   1
   c - Summon Small Mammal            Summoning                    1
   d - Apportation                    Translocation                1
Miscellaneous
 D - a phantom mirror
 Y - a phial of floods
Comestibles
 c - 21 rations


   Skills:
 + Level 8.3 Fighting
 - Level 10.0 Dodging
 - Level 2.4 Stealth
 * Level 4.5 Shields
 + Level 14.1 Spellcasting
 + Level 13.8 Conjurations
 - Level 3.0 Translocations
 + Level 12.2 Fire Magic
 - Level 4.0 Air Magic


You had 14 spell levels left.
You knew the following spells:

 Your Spells              Type           Power        Failure   Level  Hunger
a - Flame Tongue          Conj/Fire      #####        1%          1    None
b - Throw Flame           Conj/Fire      ######       1%          2    None
c - Conjure Flame         Conj/Fire      ######..     1%          3    None
d - Sticky Flame          Conj/Fire      ######..     1%          4    None
e - Fireball              Conj/Fire      ######....   1%          5    ##.....
f - Freeze                Ice            ###.         3%          1    None
g - Blink                 Tloc           N/A          4%          2    None
h - Iskenderun's Mystic   Conj           ######..     1%          4    None
i - Animate Skeleton      Necr           N/A          12%         1    None
q - Airstrike             Air            #####.....   6%          4    None


Dungeon Overview and Level Annotations

Branches:
Dungeon (11/15)            Temple (1/1) D:5            Lair (6/6) D:9
 Shoals (0/4) Lair:2        Snake (0/4) Lair:3        Slime (0/5) Lair:5
    Orc (0/2) D:10

Altars:
Ashenzari
Cheibriados
Dithmenos
Elyvilon
Fedhas
Gozag
Hepliaklqana
Kikubaaqudgha
Makhleb
Nemelex Xobeh
Okawaru
Qazlal
Ru
Sif Muna
Trog
Uskayaw
Vehumet
Wu Jian
Xom
Yredelemnul
Zin
The Shining One

Shops:
D:5 *   D:6 %   D:9 %   D:10 *


Message History

Confirm with . or Enter, or press ? or * to list all spells.
Aiming: Sticky Flame
Press: ? - help, Shift-Dir - straight line, f/p - seven-headed hydra
Aim: a seven-headed hydra (heavily wounded)
The sticky flame hits the seven-headed hydra.
The seven-headed hydra is severely wounded.
The seven-headed hydra is covered in liquid flames!
The seven-headed hydra burns!
The seven-headed hydra bites you. The seven-headed hydra misses you.
The seven-headed hydra bites you!
The seven-headed hydra bites you but does no damage.
The seven-headed hydra bites you! The seven-headed hydra bites you.
The seven-headed hydra bites you!
A hippogriff comes into view.
The seven-headed hydra burns!
The seven-headed hydra burns!
The seven-headed hydra bites you! x3
* * * LOW HITPOINT WARNING * * *
The seven-headed hydra bites you.
* * * LOW HITPOINT WARNING * * *
The seven-headed hydra bites you!
You die...

#.... #P....
......
####......
#.#.......
##......P..
##........#.
##.#<....###
##..@..##.# ..
##?.D.#.# ##
.##.....###
#......## # .
##......##.##
..#.........#.#
..............#
...............
P......<..lH...


You could see a seven-headed hydra (burning).

Vanquished Creatures
  A dire elephant (Lair:3)
  Snorg (D:10)
  Erolcha (D:9)
  An ice dragon (Lair:5)
  2 hydras
  Erica (D:9)
  8 two-headed ogres
  7 death yaks
  Sonja (Lair:1)
  The ghost of ThereIsNoGod the Tainter, a journeyman SpVM of Gozag (D:10)
  The ghost of mortelune the Conjurer, a novice DrFE (D:7)
  A cyclops (D:11)
  14 elephants
  Psyche (D:10)
  A black mamba (Lair:2)
  A merfolk siren (Lair:2)
  A torpor snail (Lair:4)
  An ice statue (Lair:5)
  4 spiny frogs
  2 molten gargoyles (Lair:3)
  8 komodo dragons
  The ghost of matthes123 the Chopper, an amateur MiFi of Uskayaw (D:4)
  3 merfolk (Lair:2)
  3 polar bears (Lair:5)
  Grinder (D:6)
  Prince Ribbit (D:7)
  13 blink frogs
  5 hippogriffs
  2 dream sheep (Lair:4)
  3 wyverns
  A spriggan (Lair:3)
  2 wraiths (D:10)
  20 yaks
  2 basilisks
  A hungry ghost (D:9)
  3 fire bats
  A fire elemental (Lair:2)
  8 swamp worms (Lair:3)
  4 nagas (Lair:3)
  Duvessa (D:6)
  9 water moccasins
  7 porcupines
  4 orc warriors
  9 ice beasts
  A sky beast (D:8)
  3 phantoms
  2 necrophages
  14 wolves
  6 ogres
  4 centaurs
  6 crocodiles
  2 big kobolds
  A gnoll sergeant (D:9)
  A wyvern zombie (D:10)
  12 bullfrogs
  2 wyvern skeletons
  3 scorpions
  6 killer bees (D:9)
  Dowan (D:6)
  4 howler monkeys
  3 electric eels
  A crimson imp (D:10)
  A centaur zombie (D:10)
  6 jellies
  A quasit (D:8)
  4 orc priests
  5 hounds
  A gnoll shaman (D:5)
  An iguana (D:7)
  7 orc wizards
  6 hell rats (Lair:3)
  6 worker ants
  3 hound skeletons
  2 worker ant zombies
  13 adders
  16 gnolls
  3 shadow imps
  3 oozes
  An adder skeleton (D:5)
  13 worms
  2 dart slugs (D:2)
  3 leopard geckos
  38 orcs
  4 giant cockroaches
  5 goblins
  9 hobgoblins
  23 jackals
  17 kobolds
  5 quokkas
  3 ball pythons
  8 bats
  4 frilled lizards
  2 goblin skeletons (D:5)
  3 goblin zombies (D:5)
  A hobgoblin zombie (D:5)
  A kobold skeleton (D:5)
  A leopard gecko skeleton (D:5)
  2 orc skeletons (D:5)
  An orc zombie (D:5)
  2 rats
  2 plants
463 creatures vanquished.

Vanquished Creatures (collateral kills)
  A hydra (Lair:1)
  An oklob plant (Lair:1)
  3 elephants (Lair:3)
  A porcupine (Lair:1)
  2 crocodiles
  2 fungi (Lair:3)
  A plant (Lair:1)
11 creatures vanquished.

Vanquished Creatures (others)
  45 fungi
  23 plants
68 creatures vanquished.

Grand Total: 542 creatures vanquished

Notes
Turn   | Place    | Note
-------+----------+-------------------------------------------
     0 | D:1      | mortelune the Deep Elf Fire Elementalist began the quest for the Orb.
     0 | D:1      | Reached XP level 1. HP: 10/10 MP: 6/6
   200 | D:1      | Reached XP level 2. HP: 15/15 MP: 5/8
   414 | D:1      | Learned a level 2 spell: Throw Flame
   798 | D:2      | Reached XP level 3. HP: 19/19 MP: 2/10
  1362 | D:2      | Learned a level 3 spell: Conjure Flame
  1877 | D:2      | Reached XP level 4. HP: 19/24 MP: 1/11
  2233 | D:2      | Learned a level 4 spell: Sticky Flame
  2345 | D:3      | Reached skill level 4 in Spellcasting
  3520 | D:3      | Reached XP level 5. HP: 27/28 MP: 8/13
  4687 | D:4      | Reached skill level 5 in Spellcasting
  4687 | D:4      | Reached XP level 6. HP: 32/32 MP: 6/15
  5042 | D:4      | Noticed matthes123's ghost (amateur MiFi)
  5112 | D:3      | Reached skill level 5 in Conjurations
  5475 | D:4      | Learned a level 5 spell: Fireball
  5630 | D:4      | Reached skill level 5 in Fire Magic
  5967 | D:4      | Found a bloodstained altar of Trog.
  6362 | D:4      | Killed matthes123's ghost
  6362 | D:4      | Reached XP level 7. HP: 36/36 MP: 4/17
  6775 | D:5      | Entered Level 5 of the Dungeon
  7032 | D:5      | Reached skill level 6 in Spellcasting
  7195 | D:5      | Found a glowing golden altar of the Shining One.
  7445 | D:5      | Found Puecen's General Store.
  7657 | D:5      | Found an ancient bone altar of Kikubaaqudgha.
  7657 | D:5      | Found a blossoming altar of Fedhas.
  8003 | D:5      | Found a staircase to the Ecumenical Temple.
  8017 | Temple   | Entered the Ecumenical Temple
  8115 | Temple   | Became a worshipper of Vehumet
  8475 | D:6      | Noticed Dowan
  8477 | D:6      | Noticed Duvessa
  8481 | D:6      | Killed Dowan
  8492 | D:6      | Killed Duvessa
  8492 | D:6      | Reached XP level 8. HP: 3/41 MP: 1/20
  8902 | D:6      | Found a hazy altar of Hepliaklqana.
  9150 | D:6      | Noticed Grinder
  9157 | D:6      | Killed Grinder
  9157 | D:6      | Reached skill level 1 in Fighting
  9157 | D:6      | Reached skill level 7 in Spellcasting
  9373 | D:6      | Found a glowing silver altar of Zin.
  9947 | D:6      | Found Fuojonwae's Food Shoppe.
 10570 | D:7      | Reached XP level 9. HP: 48/48 MP: 14/22
 10663 | D:7      | Noticed mortelune's ghost (novice DrFE)
 10693 | D:7      | Killed mortelune's ghost
 10693 | D:7      | Reached * piety under Vehumet
 10693 | D:7      | Offered knowledge of Freeze by Vehumet.
 10693 | D:7      | Reached skill level 8 in Spellcasting
 10934 | D:7      | Learned a level 1 spell: Freeze
 10974 | D:7      | Noticed Prince Ribbit
 10978 | D:7      | Killed Prince Ribbit
 10983 | D:7      | Reached skill level 5 in Dodging
 12712 | D:8      | Noticed a two-headed ogre
 12716 | D:8      | Killed a two-headed ogre
 12716 | D:8      | Reached skill level 9 in Spellcasting
 12716 | D:8      | Reached skill level 10 in Conjurations
 12716 | D:8      | Reached XP level 10. HP: 56/56 MP: 7/25
 12959 | D:9      | Noticed Erolcha
 12963 | D:9      | Noticed a two-headed ogre
 12965 | D:9      | Killed Erolcha
 12966 | D:9      | Noticed a two-headed ogre
 13565 | D:9      | Noticed a two-headed ogre
 13574 | D:9      | Killed a two-headed ogre
 13574 | D:9      | Offered knowledge of Shock by Vehumet.
 13840 | D:9      | Learned a level 2 spell: Blink
 13945 | D:9      | Found Joxt's Food Shop.
 14142 | D:9      | Reached ** piety under Vehumet
 14301 | D:9      | Reached skill level 1 in Translocations
 14479 | D:9      | Noticed Erica
 14483 | D:9      | Killed Erica
 14483 | D:9      | Reached skill level 10 in Spellcasting
 14651 | D:9      | Noticed a two-headed ogre
 14653 | D:9      | Killed a two-headed ogre
 14656 | D:9      | Killed a two-headed ogre
 14656 | D:9      | Reached skill level 1 in Shields
 14656 | D:9      | Reached XP level 11. HP: 62/62 MP: 3/27
 14902 | D:9      | Found a staircase to the Lair.
 14916 | D:9      | Killed a two-headed ogre
 15618 | D:10     | Entered Level 10 of the Dungeon
 15700 | D:10     | Offered knowledge of Dazzling Spray by Vehumet.
 15844 | D:10     | Found Zonaeca's General Store.
 15856 | D:10     | Reached *** piety under Vehumet
 15864 | D:10     | Reached skill level 5 in Fighting
 16044 | D:10     | Noticed Snorg
 16051 | D:10     | Killed Snorg
 16391 | D:10     | Noticed ThereIsNoGod's ghost (journeyman SpVM)
 16394 | D:10     | Killed ThereIsNoGod's ghost
 16507 | D:10     | Noticed Psyche
 16511 | D:10     | Killed Psyche
 16685 | D:10     | Noticed a two-headed ogre
 16687 | D:10     | Killed a two-headed ogre
 16800 | D:10     | Offered knowledge of Iskenderun's Mystic Blast by Vehumet.
 16817 | D:10     | Learned a level 4 spell: Iskenderun's Mystic Blast
 16824 | D:10     | Reached skill level 11 in Spellcasting
 17151 | D:10     | Found a staircase to the Orcish Mines.
 17474 | D:10     | Noticed a two-headed ogre
 17478 | D:10     | Killed a two-headed ogre
 17815 | D:11     | Reached **** piety under Vehumet
 17819 | D:11     | Noticed a red ugly thing
 17947 | D:11     | Noticed a two-headed ogre
 17953 | D:10     | Killed a two-headed ogre
 18012 | D:10     | Offered knowledge of Force Lance by Vehumet.
 18271 | D:11     | Noticed an unseen horror
 18408 | Lair:1   | Entered Level 1 of the Lair of Beasts
 18416 | Lair:1   | Learned a level 1 spell: Animate Skeleton
 18456 | Lair:1   | Reached XP level 12. HP: 69/69 MP: 15/29
 18907 | Lair:1   | Noticed a six-headed hydra
 18912 | Lair:1   | Killed a six-headed hydra
 18944 | Lair:1   | Noticed Sonja
 18946 | Lair:1   | Killed Sonja
 18946 | Lair:1   | Reached skill level 10 in Fire Magic
 20161 | Lair:2   | Got a brightly glowing chain mail
 20172 | Lair:2   | Identified the cursed +1 chain mail of Zin's Righteous Fury {*Slow +Inv rC++} (You found it on level 2 of the Lair of Beasts)
 21030 | Lair:2   | Reached skill level 12 in Spellcasting
 21549 | Lair:2   | Found a staircase to the Shoals.
 21900 | Lair:3   | Reached skill level 10 in Dodging
 23067 | Lair:3   | Reached XP level 13. HP: 60/76 MP: 11/31
 23223 | Lair:3   | Reached ***** piety under Vehumet
 23223 | Lair:3   | Offered knowledge of Airstrike by Vehumet.
 23518 | Lair:3   | Noticed a dire elephant
 23710 | Lair:3   | Learned a level 4 spell: Airstrike
 24075 | Lair:3   | Reached skill level 1 in Air Magic
 24409 | Lair:3   | Found a staircase to the Snake Pit.
 24895 | Lair:3   | Reached skill level 13 in Spellcasting
 26294 | Lair:3   | Killed a dire elephant
 29866 | Lair:5   | Found a staircase to the Slime Pits.
 31171 | Lair:6   | Entered Level 6 of the Lair of Beasts
 31173 | Lair:6   | Reached skill level 14 in Spellcasting
 31173 | Lair:6   | Reached XP level 14. HP: 84/84 MP: 34/34
 31926 | Lair:6   | Slain by a seven-headed hydra

Skill      XL: |  1  2  3  4  5  6  7  8  9 10 11 12 13 |
---------------+----------------------------------------+-----
Conjurations   | 2 3 4 6 7 8 10 11 12 13 | 13.8
Fire Magic     | 4 5 6 7 8 9 11 12 | 12.2
Spellcasting   | 4 5 6 7 9 10 11 12 14 | 14.1
Fighting       | 2 3 4 5 7 8 |  8.3
Dodging        | 4 5 7 8 10 | 10.0
Translocations | 2 3 |  3.0
Shields        | 1 3 4 |  4.5
Air Magic      | 4 |  4.0
Stealth        | |  2.4

Action                   |  1- 3 |  4- 6 |  7- 9 | 10-12 | 13-15 || total
-------------------------+-------+-------+-------+-------+-------++-------
Melee: Whip              |       |     3 |       |       |       ||     3
       Scimitar          |       |       |       |     1 |    21 ||    22
 Cast: Flame Tongue      |    53 |    82 |   149 |   149 |   169 ||   602
       Throw Flame       |    14 |    55 |    37 |   104 |    67 ||   277
       Sticky Flame      |       |     6 |    21 |    49 |    42 ||   118
       Conjure Flame     |       |     4 |       |     3 |     1 ||     8
       Fireball          |       |       |    27 |   128 |   114 ||   269
       Iskenderun's Myst |       |       |       |    14 |    11 ||    25
       Animate Skeleton  |       |       |       |    15 |     9 ||    24
       Blink             |       |       |       |    11 |    16 ||    27
       Airstrike         |       |       |       |       |     7 ||     7
Evoke: Wand              |       |       |       |     2 |     4 ||     6
  Use: Scroll            |       |     6 |     9 |     6 |    11 ||    32
       Potion            |       |       |       |       |     2 ||     2
  Eat: Chunk             |     2 |     9 |    26 |    54 |    20 ||   111
       Ration            |       |     2 |     2 |       |     1 ||     5
Armor: Robe              |     8 |    10 |     6 |    22 |    20 ||    66
Dodge: Dodged            |    27 |    31 |    37 |   114 |    99 ||   308
Block: Buckler           |       |       |       |    36 |    16 ||    52
       Shield            |       |       |       |       |     1 ||     1
       Rpst.: Scimitar   |       |       |       |    18 |    19 ||    37
